AoeStats
← [RAT] G0rm

Arena

508318179Analyzed
4v4 RM · 12d ago on Sep 21, 2026· 29m 19s· 8 players
Game mode
Random Map
Map size
Large (8 player)
Population
200
Speed
Normal
Resources
Standard
Victory
Conquest
Starting age
Dark Age
Ending age
Imperial Age
RankedLock teamsTeams togetherTeam positionsShared explorationLock speedFull tech treeHidden civsTurbo modeCheats
Victory
Defeat
🇵🇱 Persians · Poland
2093
+2
🇩🇪 Teutons · Germany
2038
+2
🇫🇷 Mapuche · France
2038
+2
🇵🇱 Turks · Poland
1746
+7
🇺🇸 Saracens · United States
1646
-4
🇺🇸 Magyars · United States
1629
-5
🇳🇱 Spanish · Netherlands
1544
-2
🇷🇴 Italians · Romania
1489
-2
RoR | Smokealot
10:58 Feudal Age
14:32 Castle Age
12:37 Double-Bit Axe
13:33 Horse Collar
14:10 Gold Mining
26:29 Wheelbarrow
26:59 Heavy Plow
27:39 Bow Saw
28:18 Hand Cart
27:50 Loom
RoR | FloDuFive
10:13 Feudal Age
11:56 Double-Bit Axe
14:57 Castle Age
13:20 Gold Mining
13:44 Fletching
15:55 Bodkin Arrow
17:25 Ballistics
23:48 Padded Archer Armor
23:35 Horse Collar
OS+ | TheKroks
11:29 Feudal Age
12:19 Double-Bit Axe
12:16 Horse Collar
15:20 Castle Age
16:08 Bow Saw
16:00 Heavy Plow
17:35 Wheelbarrow
21:00 Loom
23:37 Gold Mining
23:37 Stone Mining
24:30 Hand Cart
25:09 Caravan
28:40 Imperial Age
26:50 Husbandry
27:24 Bloodlines
27:44 Scale Barding Armor
27:50 Forging
28:40 Gold Shaft Mining
28:29 Cavalier
29:31 Fletching
ELEOS | wosm
10:27 Feudal Age
13:59 Castle Age
12:14 Double-Bit Axe
12:25 Horse Collar
14:56 Bow Saw
15:31 Bow Saw
21:41 Wheelbarrow
22:56 Hand Cart
22:35 Gold Mining
25:10 Gold Shaft Mining
27:48 Imperial Age
25:56 Fletching
26:02 Loom
26:39 Bodkin Arrow
26:45 Padded Archer Armor
27:21 Ballistics
28:05 Bloodlines
27:55 Husbandry
28:27 Thumb Ring
28:34 Bracer
29:05 Heavy Plow
29:34 Sipahi
29:44 Leather Archer Armor
[RAT] Havik_AoE
10:39 Feudal Age
11:52 Double-Bit Axe
14:13 Castle Age
12:17 Horse Collar
14:58 Bloodlines
16:53 Loom
21:39 Wheelbarrow
22:02 Fervor
23:26 Sanctity
23:37 Husbandry
23:50 Scale Barding Armor
24:47 Heavy Plow
25:03 Bow Saw
25:58 Redemption
26:52 Hand Cart
26:51 Inquisition
31:47 Imperial Age
[RAT] G0rm
9:06 Feudal Age
9:37 Double-Bit Axe
9:33 Horse Collar
15:06 Wheelbarrow
15:23 Wheelbarrow
18:19 Castle Age
20:04 Loom
Benedict Cucumberpatch
10:12 Feudal Age
14:22 Castle Age
12:37 Horse Collar
13:17 Double-Bit Axe
14:49 Light Cavalry
18:26 Husbandry
[RAT] Spencer
10:36 Feudal Age
14:24 Castle Age
12:37 Double-Bit Axe
12:47 Horse Collar
15:37 Bow Saw
15:51 Heavy Plow
19:49 Town Watch
20:55 Wheelbarrow
20:54 Stone Mining
23:07 Hand Cart
22:43 Loom
22:49 Loom
23:47 Forging
23:58 Scale Barding Armor
24:34 Gold Mining
25:40 Iron Casting
25:39 Bloodlines
25:30 Husbandry
26:45 Gold Shaft Mining
31:14 Imperial Age
29:22 Chain Barding Armor
Connection lost

Rejoining the realm…

Still unreachable

The connection could not be restored.

Session expired

The server has moved on; the page needs a fresh start.